 Dungeon Crawl Stone Soup version 0.30.1-3-gfc49f6343a (webtiles) character file.

Game seed: 3508214402599638876

88 Pepete the Firebug (level 4, -5/27 HPs)
             Began as an Octopode Fire Elementalist on July 25, 2023.
             Killed from afar by an orc wizard (8 damage)
             ... with a magic dart
             ... on level 3 of the Dungeon.
             The game lasted 00:04:10 (6910 turns).

Pepete the Firebug (Octopode Fire Elementalist)     Turns: 6910, Time: 00:04:11

Health: -5/27      AC:  1    Str:  7    XL:     4   Next: 53%
Magic:  5/8        EV: 13    Int: 19    God:
Gold:   194        SH:  0    Dex: 12    Spells: 5/8 levels left

rFire   . . .        (no weapon)
rCold   . . .        (no shield)
rNeg    . . .        (helmet restricted)
rPois   .            (no amulet)
rElec   .            (no ring)
rCorr   .            (no ring)
SInv    .            (no ring)
Will    .....        (no ring)
Stlth   +++          (no ring)
HPRegen 0.24/turn    (no ring)
MPRegen 0.11/turn    (no ring)
                     (no ring)

%: no passive effects
@: no status effects
A: almost no armour, amphibious, 8 rings, camouflage 1, gelatinous body 1,
(nimble swimmer 1), tentacles
a: no special abilities


You were on level 3 of the Dungeon.
You visited 1 branch of the dungeon, and saw 3 of its levels.

You collected 194 gold pieces.

Inventory:

Jewellery
 k - an amulet of guardian spirit
Wands
 m - a wand of flame (7)
 n - a wand of digging (4)
Scrolls
 b - a scroll of fear {unknown}
 f - a scroll of teleportation {unknown}
 g - a scroll of brand weapon {unknown}
 h - a scroll of torment {unknown}
 j - a scroll of immolation {unknown}
 l - 2 scrolls of noise {unknown}
 o - a scroll of enchant armour {unknown}
 p - a scroll of fog {unknown}
 q - a scroll of identify {unknown}
 s - a scroll of vulnerability {unknown}
 t - a scroll of silence {unknown}
 u - a scroll of enchant weapon {unknown}
Potions
 a - 2 potions of flight {unknown}
 c - a potion of haste {unknown}
 d - 2 potions of curing {unknown}
 e - a potion of invisibility {unknown}
 i - a potion of heal wounds {unknown}
 r - a potion of lignification {unknown}
 v - a potion of degeneration {unknown}


   Skills:
 + Level 2.8 Dodging
 - Level 2.6 Stealth
 + Level 2.7 Spellcasting
 + Level 2.2 Conjurations
 + Level 3.6 Fire Magic


You had 5 spell levels left.
You knew the following spells:

 Your Spells              Type           Power      Damage    Failure   Level
a - Foxfire               Conj/Fire      52%        2x1d6     4%          1
b - Scorch                Fire           32%        2d6       5%          2

Your spell library contained the following spells:

 Spells                   Type           Power      Damage    Failure   Level
 Inner Flame              Hex/Fire       9%         N/A       22%         3
 Volatile Blastmotes      Fire/Tloc      18%        2d11      22%         3
 Flame Wave               Conj/Fire      13%        2d6       43%         4


Dungeon Overview and Level Annotations

Branches:
Dungeon (3/15)

Altars:


Innate Abilities, Weirdness & Mutations

You cannot wear most types of armour.
You are amphibious.
You can wear up to eight rings at the same time.
Your skin changes colour to match your surroundings (Stealth+).
Your rubbery body absorbs attacks. (AC +1, EV +1)
((You are camouflaged when in or above water. (Stealth+)))
You have tentacles for arms and can constrict up to eight enemies at once.


Message History

The orc wizard is lightly wounded.
An adder comes into view.
You conjure some foxfire!
The adder hisses angrily.
The foxfire hits the orc wizard.
The orc wizard is moderately wounded.
The orc wizard closely misses you.
You conjure some foxfire!
Your foxfire dissipates!
The orc wizard closely misses you.
The foxfire hits the orc wizard.
The orc wizard is heavily wounded.
Your foxfire dissipates!
The orc wizard hits you from afar with a +0 trident.
You conjure some foxfire!
The orc wizard casts a spell at you.
You are confused.
Your foxfire dissipates!
The foxfire hits the orc wizard.
The orc wizard is severely wounded.
The orc wizard hits you from afar with a +0 trident.
You're too confused to cast spells.
Unknown command.
You're too confused to cast spells.
You bump into the rock wall.
The orc wizard completely misses you.
Unknown command.
You bump into the rock wall.
Your foxfire dissipates!
The orc wizard barely misses you.
You're too confused to move!
The orc wizard closely misses you.
You're too confused to move!
The orc wizard closely misses you.
You feel less confused.
The orc wizard points at you and mumbles some strange words.
The puff of flame hits you!
The orc wizard gestures at you while chanting.
The puff of flame hits you!
* * * LOW HITPOINT WARNING * * *
The orc wizard points at you and mumbles some strange words.
The magic dart hits you!
You die...

......##.# #.#...#....#
..###.##.#######.#.#.#....#
................S....#....#
......##.#.#####o#.#.....#####
.....................#.#......
#####.########.#.#.........#
#.# #......#.#...#.#.#.
#.###.##...).#.#.....#
#.....##....@.....##.#
########..##.##..).#.## #
PPPPPPPP.P....###)##.#
.......P.P......#.##.# #.
.PPP.PPP.P###.#.#.##.##..
.P...Po..P....#.#........
PPPP.PPP.P##.#...........
...P.....P##.......#.##.#
PP.PPPPPPP##.............


You could see an orc wizard and an adder.

Vanquished Creatures
  3 adders
  A worm (D:3)
  A dart slug (D:3)
  4 orcs (D:3)
  5 ball pythons
  3 endoplasms
  3 giant cockroaches
  8 goblins
  A hobgoblin (D:1)
  4 jackals (D:3)
  A kobold (D:3)
  A quokka (D:3)
  6 bats
  5 frilled lizards (D:1)
  3 rats
49 creatures vanquished.

Vanquished Creatures (collateral kills)
  16 foxfires (D:3)
16 creatures vanquished.

Vanquished Creatures (others)
  208 foxfires
208 creatures vanquished.

Grand Total: 273 creatures vanquished

Notes
Turn   | Place    | Note
-------+----------+-------------------------------------------
     0 | D:1      | Pepete the Octopode Fire Elementalist began the quest for
                  | the Orb.
     0 | D:1      | Reached XP level 1. HP: 11/11 MP: 3/3
   776 | D:1      | Reached XP level 2. HP: 17/17 MP: 0/5
   964 | D:1      | Learned a level 2 spell: Scorch
  2946 | D:2      | Reached XP level 3. HP: 21/21 MP: 1/6
  3691 | D:2      | Identified the +8 spear "Ogreslayer" {vamp, rF+ rC+ Str+4
                  | Int+4}
  5395 | D:3      | Reached XP level 4. HP: 22/27 MP: 2/7
  6910 | D:3      | Killed from afar by an orc wizard

Illustrated notes

Levels and vault maps discovered:
D:1:      ldierk_walled_garden_2, layout_basic
D:2:      layout_loops_ring, st_stairs_12, minmay_cupped
D:3:      layout_basic, mainiacjoe_overflow_alcove_1, nemelex_dance_club_becter,
          serial_glass, glass_columns_a, glass_columns_a, minmay_hedge_maze

Skill      XL: |  1  2  3 |
---------------+----------+-----
Conjurations   | 2 |  2.2
Dodging        | |  2.8
Stealth        | |  2.6
Spellcasting   | |  2.7
Fire Magic     | |  3.6

Action                     |  1- 3 |  4- 6 || total
---------------------------+-------+-------++-------
  Melee: Unarmed           |     3 |     4 ||     7
         Tentacles         |     3 |     2 ||     5
         Punch             |     1 |       ||     1
   Cast: Foxfire           |    86 |    46 ||   132
         Scorch            |     7 |     3 ||    10
    Use: Potion            |     1 |       ||     1
 Armour: Skin              |     3 |       ||     3
  Dodge: Dodged            |    14 |    14 ||    28
